TOP OF THE 1ST |
St. Louis Browns batting - Pitching for Greenville 84s : LHP Darrell Harding
|
Pitching: LHP Darrell Harding
|
|
Batting: LHB Mike Hill
|
0-0: Ball 1-0: Called Strike 1-1: Ball 2-1: Ball 3-1: Fly out, F7 (Flyball, 7LDF)
|
Batting: SHB Ryobe Yamamoto
|
0-0: Fly out, F6 (Line Drive, 6M)
|
Batting: RHB Will Brown
|
0-0: Called Strike 0-1: SOLO HOME RUN (Flyball, 7D), Distance : 373 ft
|
Batting: RHB George Howard
|
0-0: Fly out, F9 (Flyball, 9M)
|
Top of the 1st over - 1 run(s), 1 hit(s), 0 error(s), 0 left on base; St. Louis 1 - Greenville 0 |
BOTTOM OF THE 1ST |
Greenville 84s batting - Pitching for St. Louis Browns : RHP Armando Avilés
|
Pitching: RHP Armando Avilés
|
|
Batting: RHB Carlos Torres
|
0-0: Swinging Strike 0-1: Swinging Strike 0-2: Foul Ball, location: 2F 0-2: Strikes out swinging
|
Batting: RHB Felipe Rodríguez
|
0-0: Called Strike 0-1: Foul Ball, location: 2F 0-2: Ball 1-2: Ball 2-2: Foul Ball, location: 2F 2-2: Strikes out swinging
|
Batting: RHB Enzo Díaz
|
0-0: Swinging Strike 0-1: SOLO HOME RUN (Flyball, 7D), Distance : 416 ft
|
Batting: LHB Jimmy Vickers
|
0-0: DOUBLE (Line Drive, 7LM)
|
Batting: LHB Paco Rosas
|
0-0: Ball 1-0: Called Strike 1-1: Ground out 4-3 (Groundball, 4)
|
Bottom of the 1st over - 1 run(s), 2 hit(s), 0 error(s), 1 left on base; St. Louis 1 - Greenville 1 |
TOP OF THE 2ND |
St. Louis Browns batting - Pitching for Greenville 84s : LHP Darrell Harding
|
Batting: LHB Junior Coates
|
0-0: Called Strike 0-1: Ball 1-1: Foul Ball, location: 2F 1-2: Ball 2-2: Ball 3-2: Ground out U3 (Groundball, 3L)
|
Batting: RHB Carlos Alfaro
|
0-0: Ball 1-0: Foul Ball, location: 2F 1-1: Swinging Strike 1-2: Fly out, F8 (Line Drive, 8RS)
|
Batting: LHB Héctor Rentería
|
0-0: Ball 1-0: Ground out 4-3 (Groundball, 4)
|
Top of the 2nd over - 0 run(s), 0 hit(s), 0 error(s), 0 left on base; St. Louis 1 - Greenville 1 |
BOTTOM OF THE 2ND |
Greenville 84s batting - Pitching for St. Louis Browns : RHP Armando Avilés
|
Batting: LHB Kiyonaga Morita
|
0-0: Called Strike 0-1: Swinging Strike 0-2: Ball 1-2: Foul Ball, location: 2F 1-2: Ball 2-2: Foul Ball, location: 2F 2-2: Foul Ball, location: 2F 2-2: Ball 3-2: Foul Ball, location: 2F 3-2: Strikes out swinging
|
Batting: LHB Vicente Bueno
|
0-0: Ball 1-0: Ball 2-0: Foul Ball, location: 2F 2-1: Fly out, F8 (Flyball, 8LM)
|
Batting: LHB Brock Larsen
|
0-0: Ball 1-0: Foul Ball, location: 2F 1-1: Ground out 4-3 (Groundball, 4)
|
Bottom of the 2nd over - 0 run(s), 0 hit(s), 0 error(s), 0 left on base; St. Louis 1 - Greenville 1 |
TOP OF THE 3RD |
St. Louis Browns batting - Pitching for Greenville 84s : LHP Darrell Harding
|
Batting: RHB Mario Rosales
|
0-0: Called Strike 0-1: Foul Ball, location: 2F 0-2: Ball 1-2: Ball 2-2: Ball 3-2: Foul Ball, location: 2F 3-2: Base on Balls
|
Batting: RHB António Venecia
|
0-0: Ball 1-0: Ground out 5-3 (Groundball, 56S) Mario Rosales to second
|
Batting: LHB Mike Hill
|
0-0: Ball 1-0: Ground out 4-3 (Groundball, 34) Mario Rosales to third
|
Batting: SHB Ryobe Yamamoto
|
0-0: Swinging Strike 0-1: Ball 1-1: Ball 2-1: Ball 3-1: Called Strike 3-2: Base on Balls
|
Batting: RHB Will Brown
|
0-0: Foul Ball, location: 2F 0-1: Ball 1-1: Ball 2-1: Foul Ball, location: 2F 2-2: Strikes out swinging
|
Top of the 3rd over - 0 run(s), 0 hit(s), 0 error(s), 2 left on base; St. Louis 1 - Greenville 1 |
BOTTOM OF THE 3RD |
Greenville 84s batting - Pitching for St. Louis Browns : RHP Armando Avilés
|
Batting: LHB Mario Cornelo
|
0-0: Ball 1-0: Ball 2-0: Called Strike 2-1: Ground out 4-3 (Groundball, 4MS)
|
Batting: RHB Carlos Torres
|
0-0: Ball 1-0: Bunted foul 1-1: SINGLE (Groundball, 5D) (infield hit)
|
Batting: RHB Felipe Rodríguez
|
0-0: Called Strike 0-1: 2-RUN HOME RUN (Line Drive, 7LD), Distance : 370 ft
|
Batting: RHB Enzo Díaz
|
0-0: Ground out 4-3 (Groundball, 34)
|
Batting: LHB Jimmy Vickers
|
0-0: Ball 1-0: Ball 2-0: Ball 3-0: Called Strike 3-1: Foul Ball, location: 2F 3-2: SINGLE (Line Drive, 7S)
|
Batting: LHB Paco Rosas
|
0-0: Ball 1-0: Ball 2-0: Called Strike 2-1: Swinging Strike 2-2: Fly out, F6 (Popup, 6D)
|
Bottom of the 3rd over - 2 run(s), 3 hit(s), 0 error(s), 1 left on base; St. Louis 1 - Greenville 3 |
TOP OF THE 4TH |
St. Louis Browns batting - Pitching for Greenville 84s : LHP Darrell Harding
|
Batting: RHB George Howard
|
0-0: Called Strike 0-1: Called Strike 0-2: Strikes out looking
|
Batting: LHB Junior Coates
|
0-0: Ball 1-0: Ball 2-0: Ball 3-0: Base on Balls
|
Batting: RHB Carlos Alfaro
|
0-0: Fly out, F7 (Flyball, 78XD)
|
Batting: LHB Héctor Rentería
|
0-0: Called Strike 0-1: Ball 1-1: Swinging Strike 1-2: Strikes out swinging
|
Top of the 4th over - 0 run(s), 0 hit(s), 0 error(s), 1 left on base; St. Louis 1 - Greenville 3 |
BOTTOM OF THE 4TH |
Greenville 84s batting - Pitching for St. Louis Browns : RHP Armando Avilés
|
Batting: LHB Kiyonaga Morita
|
0-0: SINGLE (Groundball, 6MD)
|
Batting: LHB Vicente Bueno
|
0-0: Called Strike 0-1: Called Strike 0-2: Ball 1-2: Ball 2-2: Foul Ball, location: 2F 2-2: Foul Ball, location: 2F 2-2: Grounds into double play, 4-6-3 (Groundball, 4M)
|
Batting: LHB Brock Larsen
|
0-0: SINGLE (Flyball, 5L)
|
Batting: LHB Mario Cornelo
|
0-0: Foul Ball, location: 2F 0-1: Called Strike 0-2: Ball 1-2: Foul Ball, location: 2F 1-2: Foul Ball, location: 2F 1-2: Foul Ball, location: 2F 1-2: Ground out U3 (Groundball, 3)
|
Bottom of the 4th over - 0 run(s), 2 hit(s), 0 error(s), 1 left on base; St. Louis 1 - Greenville 3 |
TOP OF THE 5TH |
St. Louis Browns batting - Pitching for Greenville 84s : LHP Darrell Harding
|
Pitching: RHP Ricardo Trujillo
|
|
Batting: RHB Mario Rosales
|
0-0: Called Strike 0-1: Foul Ball, location: 2F 0-2: Ball 1-2: DOUBLE (Line Drive, 89D)
|
Batting: RHB António Venecia
|
0-0: Called Strike 0-1: Ground out 5-3 (Groundball, 15S) Mario Rosales to third
|
Batting: LHB Mike Hill
|
0-0: Swinging Strike 0-1: Called Strike 0-2: Ball 1-2: Ball 2-2: Ball 3-2: Base on Balls
|
Batting: SHB Ryobe Yamamoto
|
0-0: Called Strike 0-1: Foul Ball, location: 2F 0-2: Grounds out, U3 (Groundball, 3L) Mario Rosales scores
|
Batting: RHB Will Brown
|
0-0: Fly out, F3 (Popup, 23F)
|
Top of the 5th over - 1 run(s), 1 hit(s), 0 error(s), 1 left on base; St. Louis 2 - Greenville 3 |
BOTTOM OF THE 5TH |
Greenville 84s batting - Pitching for St. Louis Browns : RHP Armando Avilés
|
Pitching: RHP Beau Brown
|
|
Batting: RHB Carlos Torres
|
0-0: Bunt for hit - play at first, batter OUT! 1-3
|
Batting: RHB Felipe Rodríguez
|
0-0: Called Strike 0-1: Foul Ball, location: 2F 0-2: Strikes out swinging
|
Batting: RHB Enzo Díaz
|
0-0: Ball 1-0: Ball 2-0: Foul Ball, location: 2F 2-1: Ball 3-1: Base on Balls
|
Batting: LHB Jimmy Vickers
|
0-0: Called Strike 0-1: Foul Ball, location: 2F 0-2: Ball 1-2: Ball 2-2: Ball Enzo Díaz steals 2nd base 3-2: Ground out 3-6 (Groundball, 3L)
|
Bottom of the 5th over - 0 run(s), 0 hit(s), 0 error(s), 1 left on base; St. Louis 2 - Greenville 3 |
TOP OF THE 6TH |
St. Louis Browns batting - Pitching for Greenville 84s : RHP Ricardo Trujillo
|
Batting: RHB George Howard
|
0-0: Ball 1-0: SINGLE (Line Drive, 34D)
|
Batting: LHB Junior Coates
|
0-0: DOUBLE (Flyball, 7LS) George Howard to third
|
Batting: RHB Carlos Alfaro
|
0-0: SINGLE (Line Drive, 56) George Howard scores Junior Coates to third Runner from 3rd tries for Home, SAFE, no throw or cutoff
|
Pitching: RHP Jorge Amador
|
|
Batting: LHB Héctor Rentería
|
0-0: Ball 1-0: Ball 2-0: Called Strike 2-1: Ball 3-1: Foul Ball, location: 2F 3-2: Strikes out swinging
|
Batting: RHB Mario Rosales
|
0-0: Ball 1-0: Ball 2-0: Ball 3-0: Base on Balls Carlos Alfaro to second
|
Batting: RHB António Venecia
|
0-0: Ball 1-0: Ball 2-0: Ball 3-0: Base on Balls Carlos Alfaro to third Mario Rosales to second
|
Pinch Hitting: LHB Clinton Clark
|
0-0: Foul Ball, location: 2F 0-1: Ball 1-1: Ball 2-1: Called Strike 2-2: Fly out, F9 (Flyball, 89M) Runner from 3rd tags up, SCORES, no throw
|
Pinch Hitting: LHB Joe Sanders
|
0-0: Ball 1-0: Called Strike 1-1: Called Strike 1-2: Ball 2-2: Ball 3-2: Ground out 3-1 (Groundball, 34)
|
Top of the 6th over - 3 run(s), 3 hit(s), 0 error(s), 2 left on base; St. Louis 5 - Greenville 3 |
BOTTOM OF THE 6TH |
Greenville 84s batting - Pitching for St. Louis Browns : RHP Beau Brown
|
Now at 1B: Joe Sanders
|
|
Now in LF: Clinton Clark
|
|
Batting: LHB Paco Rosas
|
0-0: Ground out 4-3 (Groundball, 4)
|
Batting: LHB Kiyonaga Morita
|
0-0: Ball 1-0: Ball 2-0: DOUBLE (Line Drive, 8LD)
|
Batting: LHB Vicente Bueno
|
0-0: Ball 1-0: Ball 2-0: Called Strike 2-1: Foul Ball, location: 2F 2-2: Strikes out swinging
|
Batting: LHB Brock Larsen
|
0-0: Ball 1-0: Ball 2-0: Ball 3-0: Base on Balls
|
Batting: LHB Mario Cornelo
|
0-0: Swinging Strike 0-1: Ball 1-1: SINGLE (Flyball, 7LS) Kiyonaga Morita to third Brock Larsen to second Runner from 3rd tries for Home, SAFE, no throw or cutoff
|
Batting: RHB Carlos Torres
|
0-0: Ball 1-0: Called Strike 1-1: Ball 2-1: Ball 3-1: Foul Ball, location: 2F 3-2: DOUBLE (Line Drive, 5D) Brock Larsen scores Mario Cornelo to third Mario Cornelo scores
|
Batting: RHB Felipe Rodríguez
|
0-0: Ball 1-0: Fly out, F7 (Flyball, 7D)
|
Bottom of the 6th over - 3 run(s), 3 hit(s), 0 error(s), 1 left on base; St. Louis 5 - Greenville 6 |
TOP OF THE 7TH |
St. Louis Browns batting - Pitching for Greenville 84s : RHP Jorge Amador
|
Pinch Hitting: LHB Víctor Hernández
|
0-0: Called Strike 0-1: Ball 1-1: Fly out, F6 (Popup, 56D)
|
Pinch Hitting: LHB Tommy Evans
|
0-0: Ball 1-0: Swinging Strike 1-1: Foul Ball, location: 2F 1-2: Fly out, F7 (Flyball, 78M)
|
Batting: RHB Shawn Marshall
|
0-0: Ball 1-0: Ball 2-0: Ball 3-0: Foul Ball, location: 2F 3-1: Called Strike 3-2: Base on Balls
|
Batting: RHB Carlos Alfaro
|
0-0: Ball 1-0: Called Strike 1-1: Ball 2-1: Foul Ball, location: 2F 2-2: Strikes out swinging
|
Top of the 7th over - 0 run(s), 0 hit(s), 0 error(s), 1 left on base; St. Louis 5 - Greenville 6 |
BOTTOM OF THE 7TH |
Greenville 84s batting - Pitching for St. Louis Browns : RHP Beau Brown
|
Pitching: RHP Kitahachi Okada
|
|
Now at 3B: Tommy Evans
|
|
Now at SS: Víctor Hernández
|
|
Batting: RHB Enzo Díaz
|
0-0: Called Strike 0-1: Ball 1-1: Foul Ball, location: 2F 1-2: Fly out, F3 (Popup, 3SF)
|
Pitching: LHP Miguel Martínez
|
|
Batting: LHB Jimmy Vickers
|
0-0: Foul Ball, location: 2F 0-1: Ball 1-1: Swinging Strike 1-2: Strikes out swinging
|
Batting: LHB Paco Rosas
|
0-0: Called Strike 0-1: Swinging Strike 0-2: Ball 1-2: Ball 2-2: Ball 3-2: Strikes out swinging
|
Bottom of the 7th over - 0 run(s), 0 hit(s), 0 error(s), 0 left on base; St. Louis 5 - Greenville 6 |
TOP OF THE 8TH |
St. Louis Browns batting - Pitching for Greenville 84s : RHP Jorge Amador
|
Pitching: LHP Félix García
|
|
Pinch Hitting: RHB Yoshihide Takahashi
|
0-0: Ball 1-0: Called Strike 1-1: Swinging Strike 1-2: Foul Ball, location: 2F 1-2: Ball 2-2: Strikes out swinging
|
Pinch Hitting: LHB Pepe Vázquez
|
0-0: Swinging Strike 0-1: Ground out 4-3 (Groundball, 4M)
|
Batting: RHB António Venecia
|
0-0: Ball 1-0: Fly out, F9 (Flyball, 89D)
|
Top of the 8th over - 0 run(s), 0 hit(s), 0 error(s), 0 left on base; St. Louis 5 - Greenville 6 |
BOTTOM OF THE 8TH |
Greenville 84s batting - Pitching for St. Louis Browns : LHP Miguel Martínez
|
Now in CF: Pepe Vázquez
|
|
Now in RF: Yoshihide Takahashi
|
|
Pinch Hitting: RHB Jesús Tisnado
|
0-0: SINGLE (Groundball, 6D)
|
Pinch Hitting: RHB Vic Langlois
|
0-0: Sac Bunt - play at first, batter OUT! 5-4 Jesús Tisnado to second
|
Pinch Hitting: SHB Gilberto Guzmán
|
0-0: Intentional Walk
|
Pitching: LHP Keith Hill
|
|
Pinch Runner at 2nd Gino Canio:
|
|
Pinch Hitting: LHB José Costa
|
0-0: Ball 1-0: SINGLE (Line Drive, 9LS) Gino Canio to third Gilberto Guzmán to second Runner from 3rd tries for Home, SAFE, no throw or cutoff
|
Pitching: RHP Arturo Leal
|
|
Batting: RHB Carlos Torres
|
0-0: Ball 1-0: Swinging Strike 1-1: Swinging Strike 1-2: Ball 2-2: Foul Ball, location: 2F 2-2: Ball 3-2: Fly out, F4 (Popup, 34)
|
Batting: RHB Felipe Rodríguez
|
0-0: Called Strike 0-1: Called Strike 0-2: Ball 1-2: Ball 2-2: Ground out 6-3 (Groundball, 6)
|
Bottom of the 8th over - 1 run(s), 2 hit(s), 0 error(s), 2 left on base; St. Louis 5 - Greenville 7 |
TOP OF THE 9TH |
St. Louis Browns batting - Pitching for Greenville 84s : LHP Félix García
|
Pitching: LHP Francisco Ríos
|
|
Now at 1B: Gilberto Guzmán
|
|
Now at 2B: Raúl Bauza
|
|
Now at SS: Vic Langlois
|
|
Now in CF: Gino Canio
|
|
Batting: LHB Clinton Clark
|
0-0: Swinging Strike 0-1: Foul Ball, location: 2F 0-2: Ball 1-2: Strikes out looking
|
Batting: LHB Joe Sanders
|
0-0: Ball 1-0: Ball 2-0: Ball 3-0: Base on Balls
|
Batting: LHB Víctor Hernández
|
0-0: Called Strike 0-1: Called Strike 0-2: Strikes out swinging
|
Batting: LHB Tommy Evans
|
0-0: Called Strike 0-1: Called Strike 0-2: Ball 1-2: Strikes out swinging
|
Top of the 9th over - 0 run(s), 0 hit(s), 0 error(s), 1 left on base; St. Louis 5 - Greenville 7 |
|